 Dungeon Crawl Stone Soup version 0.26-a0-812-g31a745ddcd (webtiles) character file.

Game seed: 10901653297519641658

298 kae the Conjurer (level 6, -4/39 HPs)
             Began as an Octopode Conjurer on Nov 24, 2020.
             Killed from afar by an orc wizard (7 damage)
             ... with a magic dart
             ... on level 4 of the Dungeon.
             The game lasted 00:03:14 (4580 turns).

kae the Conjurer (Octopode Conjurer)                Turns: 4580, Time: 00:03:14

Health: -4/39      AC:  1    Str:  7    XL:     6   Next: 36%
Magic:  4/11       EV: 13    Int: 22    God:
Gold:   180        SH:  0    Dex: 10    Spells: 2/12 levels left

rFire    . . .     SeeInvis .   (no weapon)
rCold    . . .     Faith    .   (no shield)
rNeg     . . .     Spirit   .   (helmet restricted)
rPois    .         Reflect  .   (no amulet)
rElec    .         Harm     .   j - ring of stealth
rCorr    .         Rampage  .   (no ring)
MR       .....                  (no ring)
Stlth    ++++......             (no ring)
HPRegen  0.13/turn              (no ring)
MPRegen  0.12/turn              (no ring)
                                (no ring)
                                (no ring)

@: no status effects
A: almost no armour, stealthy swim, amphibious, 8 rings, constrict 8, camouflage
1, gelatinous body 1
a: no special abilities


You were on level 4 of the Dungeon.
You visited 1 branch of the dungeon, and saw 4 of its levels.

You collected 180 gold pieces.

Inventory:

Jewellery
 j - a ring of stealth (left tentacle)
 n - an uncursed ring of protection from fire {unknown}
Wands
 o - a wand of acid (7)
Scrolls
 b - 6 scrolls of identify {unknown}
 c - 4 scrolls of noise {unknown}
 e - a scroll of random uselessness {unknown}
 f - a scroll of teleportation {unknown}
 h - 3 scrolls of magic mapping {unknown}
 i - 2 scrolls of remove curse {unknown}
 k - 2 scrolls of enchant armour {unknown}
 q - a scroll of enchant weapon {unknown}
Potions
 d - a potion of degeneration {unknown}
 g - 2 potions of haste {unknown}
 l - a potion of attraction {unknown}
 m - a potion of lignification {unknown}
 p - 2 potions of mutation {unknown}


   Skills:
 + Level 1.9 Fighting
 + Level 2.9 Dodging
 + Level 4.3 Stealth
 * Level 3.5 Spellcasting
 * Level 5.2 Conjurations


You had 2 spell levels left.
You knew the following spells:

 Your Spells              Type           Power        Failure   Level
a - Magic Dart            Conj           ####         1%          1
b - Searing Ray           Conj           ####..       1%          2
c - Dazzling Flash        Conj/Hex       ###...       12%         3
d - Fulminant Prism       Conj/Hex       ###.......   36%         4

Your spell library contained the following spells:

 Spells                   Type           Power        Failure   Level
 Iskenderun's Mystic Bla  Conj/Tloc      ###.....     36%         4


Dungeon Overview and Level Annotations

Branches:
Dungeon (4/15)
 Temple: D:4-7

Altars:

Annotations:
D:4 exclusions: ogre and orc priest


Innate Abilities, Weirdness & Mutations

You cannot wear most types of armour.
You are very stealthy in the water. (Stealth+)
You are amphibious.
You can wear up to eight rings at the same time.
You can use your tentacles to constrict eight enemies at once.
Your skin changes colour to match your surroundings (Stealth+).
Your rubbery body absorbs attacks. (AC +1, EV +1)


Message History

The orc wizard seems to speed up.
The orc wizard barely misses you.
You barely miss the orc wizard.
The orc wizard is almost dead.
You constrict the orc wizard.
The orc wizard gestures wildly while chanting.
The orc wizard blinks free!
Really walk into a travel-excluded area? [Y]es or [N]o only, please.
Really walk into a travel-excluded area?
The phantom hits you! The phantom hits you!
* * * LOW HITPOINT WARNING * * *
The orc wizard hits you with a +0 dagger.
* * * LOW HITPOINT WARNING * * *
The orc wizard points at you and mumbles some strange words.
The magic dart hits you.
* * * LOW HITPOINT WARNING * * *
The orc wizard gestures at you while chanting.
The magic dart hits you!
You die...

...#...#..(.#.......≈P.P
###
#####.####.#####.≈≈≈.
#.###..###...[..≈P≈♣♣♣
#..<#.#.....o.WP≈P♣ ♣
##.##.#.######..P≈♣ ♣ #.
#.#)# #.o...≈≈♣ ♣ #.
#.#.# #.###≈P≈♣♣♣
#.##W#.# #. ##≈≈≈≈≈
#..@o..# #. #.P≈≈≈
####"........ ##(PPP
##..#..... #.###
......... ...#
##..#.....##...
#..#..... .... #..#
#....... #... ..


You could see a phantom and an orc wizard (fast).

Vanquished Creatures
  A centaur skeleton (D:4)
  An orc priest (D:4)
  An orc wizard (D:2)
  A worker ant (D:4)
  2 iguanas (D:4)
  3 gnolls (D:3)
  An adder (D:2)
  An ufetubus (D:3)
  An adder skeleton (D:4)
  A worm (D:3)
  2 dart slugs
  6 leopard geckos
  11 orcs
  A ball python (D:3)
  A giant cockroach (D:1)
  5 goblins
  9 hobgoblins
  8 jackals
  3 bats
  5 frilled lizards
  4 kobolds
  5 rats
73 creatures vanquished.

Vanquished Creatures (others)
  9 plants (D:4)
9 creatures vanquished.

Grand Total: 82 creatures vanquished

Notes
Turn   | Place    | Note
-------+----------+-------------------------------------------
     0 | D:1      | kae the Octopode Conjurer began the quest for the Orb.
     0 | D:1      | Reached XP level 1. HP: 11/11 MP: 3/3
   234 | D:1      | Reached XP level 2. HP: 10/17 MP: 0/5
   550 | D:1      | Learned a level 2 spell: Searing Ray
  1011 | D:1      | Reached XP level 3. HP: 22/22 MP: 4/6
  2266 | D:2      | Reached XP level 4. HP: 27/27 MP: 6/8
  2271 | D:2      | Learned a level 3 spell: Dazzling Flash
  2488 | D:2      | Reached skill level 1 in Fighting
  3029 | D:3      | Reached XP level 5. HP: 33/33 MP: 5/9
  3504 | D:4      | Learned a level 4 spell: Fulminant Prism
  3878 | D:4      | Reached skill level 5 in Conjurations
  4260 | D:4      | Reached XP level 6. HP: 23/39 MP: 6/11
  4550 | D:4      | Noticed a phantom
  4580 | D:4      | Killed from afar by an orc wizard

Illustrated notes

Levels and vault maps discovered:
D:1:      minmay_arrival_diagonal_passages, layout_loops_corners
D:2:      layout_loops_ring, minmay_tree_intersection
D:3:      layout_loops_ring
D:4:      layout_loops_ring, minmay_temple_entry_poolview, serial_bayou_pond_c,
          minmay_misc_feat_rows

Skill      XL: |  1  2  3  4  5 |
---------------+----------------+-----
Stealth        | 3 4 |  4.3
Fighting       | 1 |  1.9
Spellcasting   | 3 |  3.5
Conjurations   | 5 |  5.2
Dodging        | |  2.9

Action                   |  1- 3 |  4- 6 || total
-------------------------+-------+-------++-------
Melee: Unarmed           |    54 |    39 ||    93
       Constrict         |    14 |    12 ||    26
       Tentacles         |     5 |     9 ||    14
 Cast: Magic Dart        |    46 |    44 ||    90
       Searing Ray       |     1 |    11 ||    12
       Dazzling Flash    |       |     1 ||     1
  Use: Potion            |       |     3 ||     3
 Stab: Sleeping          |     6 |     3 ||     9
       Distracted        |       |     1 ||     1
Armor: Skin              |     9 |     4 ||    13
Dodge: Dodged            |    47 |    47 ||    94

Table legend: (Time is in decaauts)
 A = Elapsed time spent in this place.
 B = Non-inter-level travel time spent in this place.
 C = Inter-level travel time spent in this place.
 D = Time resting spent in this place.
 E = Time spent auto-exploring this place.
 F = Levels seen in this place.
 G = Mean time per level.
                   A        B        C        D        E       F      G
               +--------+--------+--------+--------+--------+-----+--------+
         Total |   4581 |   4426 |    155 |    407 |   3493 |   4 | 1145.2 |
       Dungeon |   4581 |   4426 |    155 |    407 |   3493 |   4 | 1145.2 |
               +--------+--------+--------+--------+--------+-----+--------+

Top non-repeatable levels by time:
     D:1: 1590 daAuts
     D:3: 1168 daAuts
     D:2: 941 daAuts
     D:4: 881 daAuts
